 Dungeon Crawl Stone Soup version 0.20-a0-629-gc37eb77 (webtiles) character file.

115 Espgualade the Skirmisher (level 5, -4/38 HPs)
             Began as an Octopode Ice Elementalist on Feb 10, 2017.
             Slain by a gnoll
             ... wielding a +0 halberd
              (16 damage)
             ... on level 3 of the Dungeon.
             The game lasted 00:06:25 (3246 turns).

Espgualade the Skirmisher (OpIE)                    Turns: 3246, Time: 00:06:26

Health: -4/38      AC:  7    Str: 12    XL:     5   Next: 0%
Magic:  4/8        EV: 13    Int: 24    God:
Gold:   185        SH:  0    Dex: 12    Spells: 2/8 levels left

rFire    + . .     SeeInvis .   d - +0 club
rCold    x . .     Gourm    .   (no shield)
rNeg     . . .     Faith    .   (helmet restricted)
rPois    +         Spirit   .   (no amulet)
rElec    .         Reflect  .   s - ring of fire
rCorr    .         Harm     .   x - ring of poison resistance
MR       .....                  (no ring)
Stlth    +++.......             (no ring)
Regen    0.2/turn               (no ring)
                                (no ring)
                                (no ring)
                                (no ring)

@: mighty, brilliant, icy armour, very slightly contaminated, hasted, very quick
A: almost no armour, stealthy swim, amphibious, 8 rings, constrict 8, camouflage
1, gelatinous body 1
a: no special abilities


You were on level 3 of the Dungeon.
You were not hungry.

You visited 1 branch of the dungeon, and saw 3 of its levels.

You collected 185 gold pieces.

Inventory:

Hand Weapons
 d - a +0 club (weapon)
Jewellery
 s - a ring of fire (left tentacle)
 t - a +6 amulet of reflection {unknown}
 x - a ring of poison resistance (right tentacle)
Scrolls
 c - a scroll of fear {unknown}
 f - 6 scrolls of identify {unknown}
 i - a scroll of teleportation {unknown}
 j - 3 scrolls of enchant armour {unknown}
 k - a scroll of amnesia {unknown}
 l - 2 scrolls of magic mapping {unknown}
 m - a scroll of immolation {unknown}
 n - 2 scrolls of blinking {unknown}
 v - a scroll of enchant weapon {unknown}
 w - a scroll of recharging {unknown}
Potions
 e - a potion of haste
 g - a potion of brilliance
 h - 2 potions of curing {unknown}
 o - a potion of flight {unknown}
 p - a potion of cancellation {unknown}
 q - a potion of heal wounds {unknown}
 u - a potion of might
Books
 a - a book of Frost

   Spells                             Type                      Level
   a - Freeze                         Ice                          1
   b - Throw Frost                    Conjuration/Ice              2
   c - Ozocubu's Armour               Charms/Ice                   3
   d - Throw Icicle                   Conjuration/Ice              4
   e - Summon Ice Beast               Ice/Summoning                4
Comestibles
 b - 2 bread rations
 r - 3 royal jellies
 z - a meat ration
 A - 3 chunks of flesh


   Skills:
 + Level 4.4 Fighting
 - Level 2.0 Dodging
 - Level 2.6 Stealth
 - Level 2.0 Spellcasting
 - Level 1.0 Conjurations
 - Level 3.0 Ice Magic


You had 2 spell levels left.
You knew the following spells:

 Your Spells              Type           Power        Failure   Level  Hunger
a - Freeze                Ice            ####         1%          1    #......
b - Throw Frost           Conj/Ice       ####..       1%          2    ##.....
c - Ozocubu's Armour      Chrm/Ice       ###.....     2%          3    ###....


Dungeon Overview and Level Annotations

Branches:
Dungeon (3/15)

Altars:

Annotations:
D:2 1 exclusion, Terence


Innate Abilities, Weirdness & Mutations

You cannot wear most types of armour.
You are very stealthy in the water. (Stealth+)
You are amphibious.
You can wear up to eight rings at the same time.
You can use your tentacles to constrict eight enemies at once.
Your skin changes colour to match your surroundings (Stealth+).
Your rubbery body absorbs attacks. (AC +1, EV +1)


Message History

It was a potion of haste.
You feel yourself speed up. The gnoll hits you.
* * * LOW HITPOINT WARNING * * *
You are very lightly contaminated with residual magic.
It was a potion of might.
You feel very mighty all of a sudden.
You hit the gnoll but do no damage. Your grab misses the gnoll.
Your squeeze misses the gnoll. The gnoll barely misses you.
You barely miss the gnoll. You grab the gnoll.
You constrict the gnoll, but do no damage.
You hit the gnoll.
The gnoll is heavily wounded.
You constrict the gnoll. The gnoll misses you.
You hit the gnoll. You squeeze the gnoll.
You kill the gnoll!
You hit the gnoll. You grab the gnoll. You squeeze the gnoll.
You kill the gnoll!
You have reached level 5!
You feel clever.
The gnoll hits you from afar with a halberd!
You die...

#.......#
##.....##
##.....##
#...†...##
######.†......####
#.........>......#
#.#####.....#.##..
#.# ##...##.###.
#@# ######.###.
#†#########....##.
#g#)......#..[.###
#.#.g.....#....###
#o#..)....#.......
#.oo.o....#......#
###.......#....#..
#.......#....###
#.......#....# #


You could see a gnoll and 2 orcs.

Vanquished Creatures
  2 gnolls (D:3)
  3 adders
  An ooze (D:2)
  A worm (D:3)
  A dart slug (D:2)
  3 leopard geckos
  3 giant cockroaches
  6 goblins
  6 hobgoblins
  2 jackals (D:2)
  A quokka (D:3)
  2 ball pythons
  8 bats
  4 frilled lizards
  7 kobolds
  14 rats
64 creatures vanquished.

Notes
Turn   | Place    | Note
-------+----------+-------------------------------------------
     0 | D:1      | Espgualade the Octopode Ice Elementalist began the quest for the Orb.
     0 | D:1      | Reached XP level 1. HP: 11/11 MP: 3/3
     2 | D:1      | Noticed a troll
     3 | D:1      | Noticed a gargoyle
     5 | D:1      | Noticed a centaur
     5 | D:1      | Noticed a vampire
     7 | D:1      | Noticed a dwarf
     9 | D:1      | Noticed a spriggan
    15 | D:1      | Noticed a merfolk
    17 | D:1      | Noticed a vine stalker
    17 | D:1      | Noticed an elf
    19 | D:1      | Noticed a naga
    21 | D:1      | Noticed an octopode
    21 | D:1      | Noticed a draconian
    23 | D:1      | Noticed a halfling
    23 | D:1      | Noticed a demigod
    25 | D:1      | Noticed a minotaur
    25 | D:1      | Noticed a ghoul
    27 | D:1      | Noticed a felid
    27 | D:1      | Noticed a demonspawn
    29 | D:1      | Noticed a formicid
    29 | D:1      | Noticed an ogre
    31 | D:1      | Noticed a tengu
    31 | D:1      | Noticed a human
    45 | D:1      | Reached skill level 1 in Fighting
    64 | D:1      | Reached XP level 2. HP: 15/18 MP: 5/5
   447 | D:1      | Reached skill level 2 in Fighting
  1085 | D:1      | Reached XP level 3. HP: 21/25 MP: 6/6
  1327 | D:1      | Learned a level 2 spell: Throw Frost
  1331 | D:1      | Learned a level 3 spell: Ozocubu's Armour
  1613 | D:2      | Reached skill level 3 in Fighting
  1832 | D:2      | Noticed Terence
  2008 | D:2      | Reached XP level 4. HP: 12/31 MP: 7/7
  2779 | D:3      | Reached skill level 4 in Fighting
  3246 | D:3      | Reached XP level 5. HP: 12/38 MP: 4/8
  3246 | D:3      | Slain by a gnoll

Vault maps used:
D:1:      kb_arrival_jail, eino_curves_02, minmay_pentomino_w4
D:2:      uniq_terence
D:3:      kennysheep_generic_room_9

Skill      XL: |  1  2  3  4 |
---------------+-------------+-----
Fighting       | 1 2 3 4 |  4.4
Dodging        | |  2.0
Stealth        | |  2.6
Spellcasting   | |  2.0
Conjurations   | |  1.0
Ice Magic      | |  3.0

Action                   |  1- 3 |  4- 6 || total
-------------------------+-------+-------++-------
Melee: Club              |    88 |    55 ||   143
       Unarmed           |     6 |       ||     6
       Constrict         |    32 |    17 ||    49
       Tentacles         |    15 |     9 ||    24
 Cast: Freeze            |     9 |     5 ||    14
       Ozocubu's Armour  |       |     1 ||     1
  Use: Potion            |       |     3 ||     3
 Stab: Sleeping          |    11 |     4 ||    15
  Eat: Chunk             |     4 |     4 ||     8
Armor: Skin              |    13 |     6 ||    19
Dodge: Dodged            |    87 |    45 ||   132
